[ AOE2 MATCH · #466276955 ]
UnrankedPortuguese vs Bohemians
[ REPLAY ANALYSIS · EXTRACTED FROM THE RECORDED GAME ]
Feudal
10:31
Castle
15:07
Imperial
29:12
| APM avg | 36.5 |
| APM peak | 73 |
| eAPM avg | 19.8 |
| Villagers / military | 109 / 119 |
Focus
⚔️ 25.1% · 🌾 74.9%
Archer ×98 · Bombard Cannon ×15 · Spearman ×3 · Monk ×2 · Trebuchet (Packed) ×1
Feudal
10:24
Castle
14:15
Imperial
29:52
| APM avg | 37.6 |
| APM peak | 90 |
| eAPM avg | 22.9 |
| Villagers / military | 175 / 145 |
Focus
⚔️ 21.8% · 🌾 78.2%
War Elephant ×98 · Scout Cavalry ×43 · Bombard Cannon ×4
Feudal
10:23
Castle
14:11
Imperial
28:52
| APM avg | 37.0 |
| APM peak | 91 |
| eAPM avg | 15.9 |
| Villagers / military | 124 / 286 |
Focus
⚔️ 25.9% · 🌾 74.1%
Spearman ×272 · Bombard Cannon ×12 · Monk ×2
Feudal
9:23
Castle
16:29
Imperial
28:02
| APM avg | 32.3 |
| APM peak | 54 |
| eAPM avg | 20.2 |
| Villagers / military | 120 / 240 |
Focus
⚔️ 28.5% · 🌾 71.5%
Spearman ×240 · Unknown (1949) ×33 · Unknown (1942) ×8
Feudal
10:27
Castle
14:44
Imperial
29:56
| APM avg | 53.8 |
| APM peak | 106 |
| eAPM avg | 33.5 |
| Villagers / military | 149 / 119 |
Focus
⚔️ 26.6% · 🌾 73.4%
Knight ×115 · Scout Cavalry ×2 · Monk ×1 · Mangonel ×1
Feudal
11:31
Castle
15:41
Imperial
29:32
| APM avg | 39.3 |
| APM peak | 102 |
| eAPM avg | 13.5 |
| Villagers / military | 133 / 57 |
Focus
⚔️ 22.8% · 🌾 77.2%
Ballista Elephant ×53 · Monk ×2 · Trebuchet (Packed) ×2
Match map
Initial resources + every placement click. Lines = walls · curves = elevation contours. ◆ gold · ⬟ stone · ● berries · ✦ relic · ◌ wall gap
Your base· ✓ Closed at 15:07 · 0t walls · 2 gate(s)
nalgene's base· ✓ Closed at 14:15 · 0t walls · 2 gate(s)
Rabbal_G's base· ✓ Closed at 14:11 · 0t walls · 2 gate(s)
Slowthinker's base· ✓ Closed at 16:29 · 0t walls · 3 gate(s)
Sheepcollecter's base· ✓ Closed at 14:44 · 0t walls · 2 gate(s)
Starrk's base· ✓ Closed at 15:41 · 0t walls · 3 gate(s)
Smoothed initial terrain · ◌ = detected wall gap · hover for details
Inputs per minute
— GorillaBear - - nalgene
Build order — GorillaBear
First 150 of 275 actions detected
| 0:01 | Create | Villager (Male) |
| 0:01 | Create | Villager (Male) |
| 0:01 | Create | Villager (Male) |
| 0:02 | Create | Villager (Male) |
| 0:02 | Create | Villager (Male) |
| 0:03 | Build | House |
| 0:06 | Build | House |
| 1:29 | Create | Villager (Male) |
| 1:54 | Create | Villager (Male) |
| 1:54 | Create | Villager (Male) |
| 1:57 | Build | Lumber Camp |
| 2:11 | Create | Villager (Male) |
| 2:11 | Create | Villager (Male) |
| 2:40 | Create | Villager (Male) |
| 2:40 | Create | Villager (Male) |
| 2:46 | Build | House |
| 2:48 | Build | House |
| 3:03 | Create | Villager (Male) |
| 3:03 | Create | Villager (Male) |
| 3:40 | Create | Villager (Male) |
| 3:43 | Build | House |
| 3:50 | Build | House |
| 4:07 | Create | Villager (Male) |
| 4:08 | Create | Villager (Male) |
| 4:08 | Create | Villager (Male) |
| 4:48 | Create | Villager (Male) |
| 5:22 | Create | Villager (Male) |
| 5:22 | Create | Villager (Male) |
| 5:23 | Create | Villager (Male) |
| 5:44 | Build | Mill |
| 6:17 | Create | Villager (Male) |
| 6:58 | Create | Villager (Male) |
| 7:18 | Create | Villager (Male) |
| 7:35 | Create | Villager (Male) |
| 8:02 | Build | Mining Camp |
| 8:12 | Research | Feudal Age |
| 8:51 | Create | Villager (Male) |
| 8:51 | Create | Villager (Male) |
| 9:18 | Build | Mill |
| 10:01 | Build | Farm |
| 10:04 | Build | Farm |
| 10:06 | Build | Farm |
| 10:09 | Build | Farm |
| 10:11 | Build | Farm |
| 10:31 | Age | Feudal Age |
| 10:49 | Build | Market |
| 11:18 | Create | Villager (Male) |
| 11:35 | Build | Blacksmith |
| 12:27 | Research | Castle Age |
| 12:28 | Research | Castle Age |
| 12:35 | Build | Farm |
| 12:38 | Build | Farm |
| 12:47 | Build | Farm |
| 12:59 | Research | Double-Bit Axe |
| 13:00 | Research | Double-Bit Axe |
| 13:22 | Research | Horse Collar |
| 13:52 | Build | Barracks |
| 15:02 | Create | Villager (Male) |
| 15:04 | Create | Villager (Male) |
| 15:07 | Age | Castle Age |
| 15:18 | Build | Town Center |
| 15:59 | Create | Villager (Male) |
| 15:59 | Create | Villager (Male) |
| 16:19 | Create | Spearman |
| 16:29 | Build | Monastery |
| 16:35 | Build | Archery Range |
| 16:39 | Create | Villager (Male) |
| 16:42 | Research | Bow Saw |
| 16:42 | Research | Bow Saw |
| 16:44 | Create | Villager (Male) |
| 16:47 | Create | Villager (Male) |
| 16:50 | Build | Farm |
| 17:07 | Build | Farm |
| 17:10 | Build | Farm |
| 17:12 | Create | Villager (Male) |
| 17:12 | Create | Villager (Male) |
| 17:35 | Create | Villager (Male) |
| 17:36 | Create | Villager (Male) |
| 17:42 | Build | Monastery |
| 17:44 | Research | Crossbowman (upgrade) |
| 17:49 | Build | Farm |
| 17:51 | Build | Farm |
| 17:53 | Build | Farm |
| 17:58 | Create | Villager (Male) |
| 17:58 | Create | Villager (Male) |
| 18:13 | Build | Farm |
| 18:19 | Build | Farm |
| 18:24 | Build | House |
| 18:24 | Build | House |
| 18:25 | Build | House |
| 18:41 | Create | Archer |
| 18:41 | Create | Archer |
| 18:44 | Build | House |
| 18:45 | Build | House |
| 18:46 | Build | House |
| 18:51 | Research | Wheelbarrow |
| 18:55 | Research | Loom |
| 19:30 | Create | Villager (Male) ×5 |
| 19:35 | Create | Archer |
| 19:43 | Build | Farm |
| 19:48 | Build | Farm |
| 19:52 | Build | Farm |
| 19:59 | Research | Heavy Plow |
| 20:03 | Create | Spearman |
| 20:13 | Build | House |
| 20:14 | Build | House |
| 20:15 | Build | House |
| 20:16 | Build | House |
| 20:21 | Build | House |
| 20:22 | Build | House |
| 20:23 | Build | House |
| 20:32 | Create | Villager (Male) ×5 |
| 20:36 | Create | Archer |
| 20:36 | Create | Archer |
| 20:42 | Research | Gold Mining |
| 20:42 | Research | Gold Mining |
| 20:51 | Build | Lumber Camp |
| 21:15 | Build | House |
| 21:15 | Build | House |
| 21:32 | Create | Villager (Male) |
| 21:32 | Create | Villager (Male) |
| 21:36 | Research | Hand Cart |
| 21:44 | Build | Farm |
| 21:48 | Build | Farm |
| 21:52 | Build | Farm |
| 21:54 | Build | Farm |
| 21:56 | Create | Villager (Male) |
| 21:57 | Create | Villager (Male) |
| 21:58 | Create | Archer |
| 21:58 | Create | Archer |
| 22:13 | Create | Spearman |
| 22:16 | Build | House |
| 22:17 | Build | House |
| 22:19 | Build | House |
| 22:43 | Create | Monk |
| 22:46 | Create | Villager (Male) ×5 |
| 22:47 | Create | Archer |
| 22:48 | Create | Archer |
| 22:59 | Build | House |
| 23:00 | Build | House |
| 23:01 | Build | House |
| 23:02 | Build | House |
| 23:03 | Build | House |
| 23:04 | Build | House |
| 23:06 | Build | House |
| 23:07 | Build | House |
| 23:16 | Build | House |
| 23:18 | Build | House |
| 23:19 | Build | House |
| 23:23 | Create | Archer |
Build order — nalgene
First 150 of 472 actions detected
| 0:00 | Create | Villager (Male) |
| 0:01 | Create | Villager (Male) |
| 0:02 | Build | House |
| 0:03 | Build | House |
| 0:07 | Create | Villager (Male) |
| 0:07 | Create | Villager (Male) |
| 0:07 | Create | Villager (Male) |
| 1:24 | Create | Villager (Male) |
| 1:41 | Build | Lumber Camp |
| 1:58 | Create | Villager (Male) |
| 2:13 | Create | Villager (Male) |
| 2:46 | Create | Villager (Male) |
| 3:01 | Create | Villager (Male) |
| 3:38 | Build | House |
| 3:41 | Create | Villager (Male) |
| 3:47 | Create | Villager (Male) |
| 4:03 | Build | Mill |
| 4:29 | Create | Villager (Male) |
| 4:30 | Create | Villager (Male) |
| 4:31 | Create | Villager (Male) |
| 4:45 | Create | Villager (Male) |
| 5:00 | Build | House |
| 5:50 | Create | Villager (Male) |
| 5:58 | Build | Mill |
| 6:15 | Create | Villager (Male) |
| 6:23 | Create | Villager (Male) |
| 6:25 | Create | Villager (Male) |
| 6:25 | Create | Villager (Male) |
| 6:25 | Create | Villager (Male) |
| 7:17 | Build | House |
| 7:52 | Research | Feudal Age |
| 7:52 | Research | Feudal Age |
| 8:00 | Build | Mining Camp |
| 8:44 | Create | Villager (Male) |
| 8:45 | Create | Villager (Male) |
| 9:43 | Build | Farm |
| 9:49 | Build | Farm |
| 10:24 | Age | Feudal Age |
| 10:25 | Build | Market |
| 10:33 | Build | Blacksmith |
| 10:58 | Build | Farm |
| 11:14 | Create | Villager (Male) |
| 11:21 | Build | Farm |
| 11:50 | Research | Castle Age |
| 11:50 | Research | Castle Age |
| 12:26 | Research | Horse Collar |
| 12:29 | Build | House |
| 12:32 | Build | Farm |
| 12:33 | Build | Farm |
| 12:34 | Build | Farm |
| 12:35 | Build | Farm |
| 13:05 | Research | Double-Bit Axe |
| 13:26 | Create | Villager (Male) |
| 14:15 | Age | Castle Age |
| 14:19 | Build | Town Center |
| 14:25 | Create | Villager (Male) |
| 14:44 | Build | Town Center |
| 14:46 | Create | Villager (Male) |
| 15:05 | Create | Villager (Male) |
| 15:18 | Create | Villager (Male) |
| 15:20 | Create | Villager (Male) |
| 15:31 | Research | Bow Saw |
| 15:31 | Create | Villager (Male) |
| 15:42 | Create | Villager (Male) |
| 15:49 | Build | Farm |
| 15:54 | Create | Villager (Male) |
| 15:56 | Build | Farm |
| 16:09 | Build | Farm |
| 16:09 | Create | Villager (Male) |
| 16:19 | Create | Villager (Male) |
| 16:21 | Build | Farm |
| 16:23 | Build | Farm |
| 16:31 | Build | Farm |
| 16:35 | Create | Villager (Male) |
| 16:42 | Build | Farm |
| 16:46 | Create | Villager (Male) |
| 16:46 | Create | Villager (Male) |
| 16:51 | Build | Farm |
| 16:54 | Build | Farm |
| 16:59 | Create | Villager (Male) |
| 17:04 | Build | Farm |
| 17:15 | Create | Villager (Male) |
| 17:19 | Build | Farm |
| 17:20 | Build | Farm |
| 17:21 | Build | Farm |
| 17:22 | Build | Farm |
| 17:22 | Create | Villager (Male) |
| 17:32 | Build | House |
| 17:38 | Build | Farm |
| 17:42 | Build | Farm |
| 17:42 | Create | Villager (Male) |
| 17:49 | Build | House |
| 17:49 | Create | Villager (Male) |
| 17:50 | Create | Villager (Male) |
| 17:57 | Build | Farm |
| 18:00 | Build | Farm |
| 18:00 | Create | Villager (Male) |
| 18:07 | Build | Farm |
| 18:14 | Create | Villager (Male) |
| 18:16 | Create | Villager (Male) |
| 18:22 | Build | Farm |
| 18:22 | Create | Villager (Male) |
| 18:37 | Build | Farm |
| 18:40 | Create | Villager (Male) |
| 18:42 | Create | Villager (Male) |
| 18:43 | Create | Villager (Male) |
| 18:51 | Create | Villager (Male) |
| 18:56 | Create | Villager (Male) |
| 18:59 | Build | Farm |
| 19:06 | Build | House |
| 19:09 | Create | Villager (Male) |
| 19:13 | Research | Town Watch |
| 19:14 | Create | Villager (Male) |
| 19:21 | Create | Villager (Male) |
| 19:24 | Build | Farm |
| 19:28 | Build | House |
| 19:30 | Create | Villager (Male) |
| 19:37 | Build | Town Center |
| 19:37 | Create | Villager (Male) |
| 19:41 | Create | Villager (Male) |
| 19:45 | Create | Villager (Male) |
| 19:46 | Create | Villager (Male) |
| 19:55 | Build | Mill |
| 19:56 | Build | Farm |
| 19:56 | Build | Farm |
| 19:56 | Build | Farm |
| 19:56 | Build | Farm |
| 19:57 | Build | Farm |
| 19:57 | Build | Farm |
| 20:05 | Build | House |
| 20:08 | Create | Villager (Male) |
| 20:16 | Create | Villager (Male) |
| 20:17 | Create | Villager (Male) |
| 20:18 | Create | Villager (Male) |
| 20:21 | Build | House |
| 20:21 | Create | Villager (Male) |
| 20:23 | Create | Villager (Male) |
| 20:26 | Build | Farm |
| 20:32 | Build | Farm |
| 20:32 | Create | Villager (Male) |
| 20:36 | Build | Farm |
| 20:36 | Create | Villager (Male) |
| 20:40 | Build | House |
| 20:40 | Create | Villager (Male) |
| 20:46 | Create | Villager (Male) |
| 21:00 | Build | Farm |
| 21:04 | Create | Villager (Male) |
| 21:04 | Create | Villager (Male) |
| 21:05 | Create | Villager (Male) |
| 21:15 | Build | Farm |
Build order — Rabbal_G
First 150 of 343 actions detected
| 0:02 | Create | Villager (Male) ×4 |
| 0:02 | Create | Villager (Male) |
| 0:05 | Build | House |
| 0:08 | Build | House |
| 1:33 | Create | Villager (Male) |
| 2:02 | Build | Lumber Camp |
| 2:10 | Create | Villager (Male) |
| 2:27 | Create | Villager (Male) |
| 3:02 | Create | Villager (Male) |
| 3:07 | Build | House |
| 3:22 | Create | Villager (Male) |
| 3:38 | Create | Villager (Male) |
| 4:04 | Build | Mill |
| 4:09 | Create | Villager (Male) |
| 4:30 | Create | Villager (Male) |
| 4:45 | Build | House |
| 4:54 | Create | Villager (Male) |
| 4:54 | Create | Villager (Male) |
| 4:59 | Build | House |
| 5:41 | Create | Villager (Male) |
| 6:01 | Create | Villager (Male) |
| 6:01 | Create | Villager (Male) |
| 6:12 | Build | Mill |
| 6:17 | Create | Villager (Male) |
| 7:09 | Create | Villager (Male) |
| 7:27 | Create | Villager (Male) |
| 7:31 | Build | Mining Camp |
| 8:13 | Research | Feudal Age |
| 10:23 | Age | Feudal Age |
| 10:25 | Build | Market |
| 10:30 | Build | Blacksmith |
| 10:30 | Create | Villager (Male) |
| 10:31 | Create | Villager (Male) |
| 10:57 | Build | Farm |
| 11:31 | Research | Castle Age |
| 12:19 | Research | Double-Bit Axe |
| 13:02 | Build | Farm |
| 13:06 | Build | Farm |
| 13:23 | Create | Villager (Male) |
| 14:11 | Age | Castle Age |
| 14:17 | Build | Town Center |
| 14:22 | Build | Town Center |
| 14:28 | Build | House |
| 14:31 | Create | Villager (Male) |
| 14:59 | Create | Villager (Male) |
| 15:05 | Build | Monastery |
| 15:10 | Build | Farm |
| 15:13 | Create | Villager (Male) |
| 15:32 | Create | Villager (Male) |
| 15:53 | Create | Villager (Male) |
| 15:53 | Create | Villager (Male) |
| 15:55 | Build | Farm |
| 15:57 | Create | Monk |
| 16:00 | Build | House |
| 16:16 | Create | Villager (Male) |
| 16:20 | Create | Villager (Male) |
| 16:24 | Build | Farm |
| 16:33 | Build | House |
| 16:43 | Build | Farm |
| 16:45 | Build | Farm |
| 16:49 | Build | Farm |
| 16:52 | Build | Farm |
| 16:53 | Create | Villager (Male) |
| 16:55 | Build | Farm |
| 16:58 | Build | Farm |
| 17:02 | Build | Farm |
| 17:06 | Build | House |
| 17:09 | Research | Fervor |
| 17:11 | Create | Villager (Male) |
| 17:11 | Create | Villager (Male) |
| 17:25 | Create | Villager (Male) |
| 17:33 | Build | Farm |
| 17:38 | Build | Farm |
| 17:41 | Build | Farm |
| 17:42 | Create | Villager (Male) |
| 17:42 | Create | Villager (Male) |
| 17:52 | Build | House |
| 17:58 | Create | Monk |
| 18:08 | Create | Villager (Male) |
| 18:09 | Create | Villager (Male) |
| 18:09 | Create | Villager (Male) |
| 18:12 | Build | Farm |
| 18:15 | Build | Farm |
| 18:30 | Build | Farm |
| 18:31 | Create | Villager (Male) |
| 18:32 | Create | Villager (Male) |
| 18:40 | Create | Villager (Male) |
| 18:42 | Build | Farm |
| 18:49 | Create | Villager (Male) |
| 18:49 | Create | Villager (Male) |
| 18:52 | Build | House |
| 19:06 | Create | Villager (Male) |
| 19:09 | Build | Farm |
| 19:11 | Build | Farm |
| 19:15 | Create | Villager (Male) |
| 19:27 | Research | Horse Collar |
| 19:34 | Create | Villager (Male) |
| 19:38 | Build | House |
| 19:50 | Create | Villager (Male) |
| 19:50 | Create | Villager (Male) |
| 19:50 | Create | Villager (Male) |
| 19:54 | Build | Farm |
| 19:56 | Build | Farm |
| 19:57 | Create | Villager (Male) |
| 20:20 | Create | Villager (Male) |
| 20:21 | Create | Villager (Male) |
| 20:21 | Create | Villager (Male) |
| 20:30 | Build | Farm |
| 20:32 | Build | Farm |
| 20:32 | Create | Villager (Male) |
| 20:33 | Create | Villager (Male) |
| 20:37 | Build | House |
| 20:37 | Build | House |
| 20:53 | Create | Villager (Male) |
| 20:53 | Create | Villager (Male) |
| 20:53 | Create | Villager (Male) |
| 20:56 | Build | Farm |
| 21:04 | Build | Barracks |
| 21:19 | Build | Town Center |
| 21:24 | Create | Villager (Male) |
| 21:24 | Create | Villager (Male) |
| 21:24 | Create | Villager (Male) |
| 21:25 | Create | Villager (Male) |
| 21:25 | Create | Villager (Male) |
| 21:40 | Create | Villager (Male) |
| 21:41 | Create | Villager (Male) |
| 21:48 | Build | House |
| 21:50 | Build | House |
| 21:56 | Create | Villager (Male) |
| 21:57 | Create | Villager (Male) |
| 22:03 | Research | Bow Saw |
| 22:22 | Build | Barracks |
| 22:24 | Build | Siege Workshop |
| 22:28 | Research | Wheelbarrow |
| 22:29 | Create | Villager (Male) |
| 22:29 | Create | Villager (Male) |
| 22:39 | Build | Farm |
| 22:41 | Build | Farm |
| 22:45 | Build | Farm |
| 22:51 | Build | Farm |
| 22:52 | Create | Villager (Male) |
| 22:52 | Create | Villager (Male) |
| 22:52 | Create | Villager (Male) |
| 22:55 | Build | House |
| 23:00 | Build | Farm |
| 23:00 | Build | Farm |
| 23:02 | Build | Farm |
| 23:08 | Create | Villager (Male) |
| 23:08 | Create | Villager (Male) |
| 23:14 | Build | Farm |
Build order — Slowthinker
First 150 of 391 actions detected
| 0:00 | Create | Villager (Male) |
| 0:00 | Create | Villager (Male) |
| 0:02 | Build | House |
| 0:04 | Build | House |
| 0:20 | Create | Villager (Male) |
| 0:20 | Create | Villager (Male) |
| 1:31 | Create | Villager (Male) |
| 1:48 | Build | Lumber Camp |
| 1:58 | Create | Villager (Male) |
| 2:19 | Create | Villager (Male) |
| 2:52 | Create | Villager (Male) |
| 3:14 | Create | Villager (Male) |
| 3:38 | Create | Villager (Male) |
| 3:49 | Build | House |
| 3:52 | Build | Mill |
| 4:04 | Create | Villager (Male) |
| 4:16 | Create | Villager (Male) |
| 5:07 | Create | Villager (Male) |
| 5:07 | Create | Villager (Male) |
| 5:07 | Create | Villager (Male) |
| 5:39 | Build | Mill |
| 5:49 | Build | House |
| 6:16 | Create | Villager (Male) |
| 6:45 | Create | Villager (Male) |
| 7:13 | Research | Feudal Age |
| 8:01 | Build | House |
| 8:12 | Create | Villager (Male) |
| 8:12 | Create | Villager (Male) |
| 8:53 | Build | House |
| 9:05 | Create | Villager (Male) |
| 9:05 | Create | Villager (Male) |
| 9:23 | Age | Feudal Age |
| 9:25 | Research | Double-Bit Axe |
| 9:26 | Research | Horse Collar |
| 9:47 | Build | Mining Camp |
| 10:28 | Build | Market |
| 10:41 | Create | Villager (Male) |
| 10:46 | Build | Farm |
| 11:06 | Build | Farm |
| 11:08 | Build | Farm |
| 11:26 | Create | Villager (Male) |
| 11:29 | Build | Farm |
| 11:54 | Build | Blacksmith |
| 11:56 | Create | Villager (Male) |
| 12:16 | Build | Farm |
| 12:18 | Build | Farm |
| 12:20 | Create | Villager (Male) |
| 12:34 | Build | Farm |
| 12:43 | Research | Wheelbarrow |
| 13:11 | Build | Farm |
| 13:13 | Build | Farm |
| 13:19 | Build | Farm |
| 13:49 | Research | Castle Age |
| 14:02 | Build | Farm |
| 14:05 | Build | Farm |
| 14:18 | Build | House |
| 16:25 | Create | Villager (Male) |
| 16:29 | Age | Castle Age |
| 16:40 | Build | Town Center |
| 16:43 | Build | Town Center |
| 16:46 | Research | Bow Saw |
| 16:51 | Create | Villager (Male) |
| 17:17 | Create | Villager (Male) |
| 17:30 | Create | Villager (Male) |
| 17:47 | Create | Villager (Male) |
| 17:48 | Create | Villager (Male) |
| 17:48 | Create | Villager (Male) |
| 18:01 | Build | Town Center |
| 18:03 | Create | Villager (Male) |
| 18:03 | Create | Villager (Male) |
| 18:10 | Create | Villager (Male) |
| 18:16 | Research | Gold Mining |
| 18:22 | Build | Farm |
| 18:26 | Build | Farm |
| 18:32 | Create | Villager (Male) |
| 18:32 | Create | Villager (Male) |
| 18:37 | Research | Heavy Plow |
| 18:38 | Create | Villager (Male) |
| 18:49 | Create | Villager (Male) |
| 18:53 | Build | Farm |
| 18:53 | Build | Farm |
| 18:54 | Build | Farm |
| 18:57 | Create | Villager (Male) |
| 18:57 | Create | Villager (Male) |
| 19:05 | Create | Villager (Male) |
| 19:12 | Create | Villager (Male) |
| 19:12 | Create | Villager (Male) |
| 19:18 | Build | Farm |
| 19:18 | Build | Farm |
| 19:19 | Build | Farm |
| 19:20 | Build | Farm |
| 19:30 | Create | Villager (Male) |
| 19:30 | Create | Villager (Male) |
| 19:36 | Create | Villager (Male) |
| 19:36 | Create | Villager (Male) |
| 19:40 | Build | House |
| 19:41 | Build | House |
| 19:42 | Build | House |
| 19:43 | Build | House |
| 19:44 | Create | Villager (Male) |
| 19:47 | Build | Farm |
| 19:47 | Build | Farm |
| 19:52 | Build | Farm |
| 19:55 | Create | Villager (Male) |
| 20:00 | Build | Farm |
| 20:04 | Create | Villager (Male) |
| 20:04 | Create | Villager (Male) |
| 20:20 | Create | Villager (Male) |
| 20:20 | Create | Villager (Male) |
| 20:25 | Build | Farm |
| 20:26 | Build | Farm |
| 20:27 | Build | Farm |
| 20:28 | Build | Farm |
| 20:29 | Build | Farm |
| 20:33 | Create | Villager (Male) |
| 20:38 | Build | House |
| 20:39 | Build | House |
| 20:40 | Build | House |
| 20:41 | Build | House |
| 20:42 | Create | Villager (Male) |
| 20:48 | Build | House |
| 20:50 | Build | House |
| 20:51 | Build | House |
| 20:53 | Build | House |
| 20:57 | Build | House |
| 20:58 | Create | Villager (Male) |
| 20:59 | Create | Villager (Male) |
| 20:59 | Create | Villager (Male) |
| 21:08 | Build | Farm |
| 21:09 | Build | Farm |
| 21:09 | Build | Farm |
| 21:18 | Build | Mining Camp |
| 21:25 | Create | Villager (Male) |
| 21:26 | Create | Villager (Male) |
| 21:37 | Create | Villager (Male) |
| 21:37 | Create | Villager (Male) |
| 21:38 | Create | Villager (Male) |
| 21:38 | Create | Villager (Male) |
| 21:58 | Build | University |
| 22:05 | Build | Monastery |
| 22:07 | Build | Farm |
| 22:10 | Create | Villager (Male) |
| 22:10 | Create | Villager (Male) |
| 22:10 | Create | Villager (Male) |
| 22:11 | Create | Villager (Male) |
| 22:11 | Create | Villager (Male) |
| 22:14 | Research | Gold Mining |
| 22:30 | Build | Lumber Camp |
| 22:33 | Create | Villager (Male) |
| 22:34 | Create | Villager (Male) |
Build order — Sheepcollecter
First 150 of 405 actions detected
| 0:02 | Create | Villager (Male) |
| 0:02 | Create | Villager (Male) |
| 0:02 | Create | Villager (Male) ×3 |
| 0:04 | Build | House |
| 0:06 | Build | House |
| 1:28 | Create | Villager (Male) |
| 1:28 | Create | Villager (Male) |
| 2:06 | Build | Lumber Camp |
| 2:08 | Create | Villager (Male) |
| 2:24 | Create | Villager (Male) |
| 2:24 | Create | Villager (Male) |
| 3:02 | Create | Villager (Male) |
| 3:24 | Create | Villager (Male) |
| 3:25 | Create | Villager (Male) |
| 3:32 | Build | House |
| 3:34 | Build | House |
| 4:12 | Create | Villager (Male) |
| 4:12 | Create | Villager (Male) |
| 4:26 | Build | House |
| 5:22 | Create | Villager (Male) |
| 5:23 | Create | Villager (Male) |
| 5:44 | Create | Villager (Male) |
| 5:44 | Create | Villager (Male) |
| 5:47 | Create | Villager (Male) |
| 5:48 | Create | Villager (Male) |
| 5:48 | Create | Villager (Male) |
| 5:49 | Create | Villager (Male) |
| 5:52 | Create | Villager (Male) |
| 5:53 | Create | Villager (Male) |
| 6:15 | Create | Villager (Male) |
| 6:15 | Create | Villager (Male) |
| 6:16 | Create | Villager (Male) |
| 6:20 | Build | Mill |
| 8:10 | Build | Mining Camp |
| 8:17 | Research | Feudal Age |
| 10:18 | Create | Villager (Male) |
| 10:27 | Age | Feudal Age |
| 10:30 | Create | Villager (Male) |
| 10:31 | Create | Villager (Male) |
| 10:38 | Build | Market |
| 10:43 | Build | Blacksmith |
| 11:36 | Build | Farm |
| 11:40 | Build | Farm |
| 11:42 | Build | Farm |
| 12:04 | Research | Castle Age |
| 12:04 | Research | Castle Age |
| 12:25 | Build | Mining Camp |
| 12:43 | Create | Villager (Male) |
| 13:18 | Build | Farm |
| 13:20 | Build | Farm |
| 13:24 | Create | Villager (Male) |
| 13:40 | Create | Villager (Male) |
| 14:00 | Research | Double-Bit Axe |
| 14:30 | Create | Villager (Male) |
| 14:44 | Age | Castle Age |
| 14:49 | Build | Town Center |
| 14:53 | Create | Villager (Male) |
| 15:04 | Create | Villager (Male) |
| 15:05 | Build | Farm |
| 15:10 | Build | Farm |
| 15:19 | Create | Villager (Male) |
| 15:24 | Build | House |
| 15:36 | Research | Bow Saw |
| 15:36 | Research | Bow Saw |
| 16:02 | Build | House |
| 16:12 | Create | Villager (Male) |
| 16:18 | Create | Villager (Male) |
| 16:32 | Create | Villager (Male) |
| 16:32 | Create | Villager (Male) |
| 16:48 | Create | Villager (Male) |
| 17:04 | Build | Town Center |
| 17:18 | Create | Villager (Male) |
| 17:29 | Build | Monastery |
| 17:41 | Create | Villager (Male) |
| 17:46 | Build | Farm |
| 17:48 | Build | Farm |
| 17:52 | Build | Farm |
| 17:58 | Create | Villager (Male) |
| 17:59 | Create | Villager (Male) |
| 18:05 | Build | Farm |
| 18:09 | Create | Monk |
| 18:29 | Create | Villager (Male) |
| 18:38 | Build | Barracks |
| 18:46 | Build | Farm |
| 18:50 | Build | Siege Workshop |
| 18:56 | Create | Villager (Male) |
| 18:56 | Create | Villager (Male) |
| 18:57 | Create | Villager (Male) |
| 19:34 | Build | Castle |
| 19:39 | Build | Farm |
| 19:39 | Build | Farm |
| 19:40 | Build | Farm |
| 19:40 | Build | Farm |
| 19:40 | Build | Farm |
| 19:41 | Build | Farm |
| 19:41 | Build | Farm |
| 19:41 | Build | Farm |
| 19:41 | Build | Farm |
| 19:42 | Build | Farm |
| 19:47 | Build | Farm |
| 19:50 | Create | Villager (Male) |
| 19:51 | Create | Villager (Male) |
| 19:51 | Create | Villager (Male) |
| 20:01 | Create | Villager (Male) |
| 20:02 | Create | Villager (Male) |
| 20:02 | Create | Villager (Male) |
| 20:06 | Build | Farm |
| 20:14 | Build | Farm |
| 20:36 | Create | Mangonel |
| 20:41 | Create | Villager (Male) |
| 20:42 | Create | Villager (Male) |
| 20:59 | Create | Villager (Male) |
| 20:59 | Create | Villager (Male) |
| 21:00 | Create | Villager (Male) |
| 21:20 | Build | Farm |
| 21:29 | Build | Farm |
| 21:32 | Build | Farm |
| 21:51 | Build | Farm |
| 21:52 | Create | Villager (Male) |
| 21:53 | Create | Villager (Male) |
| 21:53 | Create | Villager (Male) |
| 21:53 | Create | Villager (Male) |
| 22:01 | Research | Wheelbarrow |
| 22:01 | Research | Wheelbarrow |
| 22:05 | Research | Town Watch |
| 22:06 | Research | Town Watch |
| 22:09 | Build | House |
| 22:09 | Build | House |
| 22:11 | Build | House |
| 22:20 | Research | Loom |
| 22:30 | Create | Villager (Male) |
| 22:37 | Build | Town Center |
| 22:42 | Create | Villager (Male) |
| 22:42 | Create | Villager (Male) |
| 22:42 | Create | Villager (Male) |
| 22:43 | Create | Villager (Male) |
| 22:43 | Create | Villager (Male) |
| 22:43 | Create | Villager (Male) |
| 22:52 | Create | Villager (Male) |
| 22:52 | Create | Villager (Male) |
| 22:52 | Create | Villager (Male) |
| 23:02 | Create | Villager (Male) |
| 23:02 | Create | Villager (Male) |
| 23:27 | Create | Villager (Male) |
| 23:39 | Build | House |
| 23:41 | Build | House |
| 23:42 | Build | House |
| 23:44 | Create | Villager (Male) |
| 23:45 | Create | Villager (Male) |
| 23:45 | Create | Villager (Male) |
Build order — Starrk
First 150 of 230 actions detected
| 0:01 | Create | Villager (Male) ×4 |
| 0:02 | Build | House |
| 0:04 | Build | House |
| 1:38 | Create | Villager (Male) |
| 2:04 | Create | Villager (Male) |
| 2:35 | Create | Villager (Male) |
| 2:54 | Build | Lumber Camp |
| 2:56 | Create | Villager (Male) |
| 3:04 | Build | House |
| 3:05 | Build | House |
| 3:06 | Build | House |
| 3:21 | Create | Villager (Male) |
| 3:44 | Create | Villager (Male) |
| 3:59 | Create | Villager (Male) |
| 4:36 | Create | Villager (Male) |
| 5:11 | Create | Villager (Male) |
| 5:11 | Create | Villager (Male) |
| 5:11 | Create | Villager (Male) |
| 5:15 | Build | Mill |
| 5:57 | Create | Villager (Male) ×2 |
| 5:58 | Create | Villager (Male) ×2 |
| 5:59 | Create | Villager (Male) |
| 7:45 | Create | Villager (Male) |
| 7:47 | Create | Villager (Male) |
| 7:47 | Create | Villager (Male) |
| 8:35 | Build | Mining Camp |
| 8:55 | Research | Feudal Age |
| 8:58 | Build | Mining Camp |
| 9:40 | Build | Farm |
| 9:41 | Build | Farm |
| 11:31 | Age | Feudal Age |
| 11:35 | Create | Villager (Male) |
| 11:36 | Create | Villager (Male) |
| 11:54 | Create | Villager (Male) |
| 13:01 | Research | Castle Age |
| 13:07 | Build | House |
| 13:10 | Build | House |
| 13:17 | Research | Horse Collar |
| 14:30 | Build | Farm |
| 14:32 | Build | Farm |
| 14:33 | Build | Farm |
| 14:35 | Build | Farm |
| 14:36 | Build | Farm |
| 15:12 | Create | Villager (Male) |
| 15:13 | Create | Villager (Male) |
| 15:41 | Age | Castle Age |
| 15:48 | Build | Town Center |
| 15:54 | Build | Town Center |
| 16:20 | Build | Monastery |
| 16:34 | Create | Villager (Male) |
| 16:34 | Create | Villager (Male) |
| 16:45 | Create | Monk |
| 16:49 | Create | Monk |
| 17:01 | Create | Villager (Male) |
| 17:01 | Create | Villager (Male) |
| 17:06 | Create | Villager (Male) |
| 17:06 | Create | Villager (Male) |
| 17:15 | Research | Heavy Plow |
| 17:26 | Create | Villager (Male) |
| 17:29 | Create | Villager (Male) |
| 17:56 | Create | Villager (Male) |
| 17:57 | Create | Villager (Male) |
| 18:04 | Build | Farm |
| 18:04 | Build | Farm |
| 18:05 | Build | Farm |
| 18:09 | Build | Farm |
| 18:18 | Create | Villager (Male) |
| 18:36 | Create | Villager (Male) |
| 18:37 | Create | Villager (Male) |
| 18:43 | Create | Villager (Male) |
| 18:55 | Create | Villager (Male) |
| 18:55 | Create | Villager (Male) |
| 19:31 | Create | Villager (Male) ×3 |
| 19:47 | Build | House |
| 19:48 | Build | House |
| 19:49 | Build | House |
| 19:51 | Build | House |
| 19:54 | Build | Farm |
| 19:54 | Build | Farm |
| 19:54 | Build | Farm |
| 19:54 | Build | Farm |
| 19:55 | Build | Farm |
| 19:56 | Build | Farm |
| 19:56 | Build | Farm |
| 20:01 | Build | Farm |
| 20:02 | Build | Farm |
| 20:02 | Build | Farm |
| 20:02 | Build | Farm |
| 20:02 | Build | Farm |
| 20:03 | Build | Farm |
| 20:04 | Create | Villager (Male) |
| 20:04 | Create | Villager (Male) |
| 20:29 | Build | Castle |
| 20:31 | Create | Villager (Male) ×2 |
| 20:37 | Build | Farm |
| 20:49 | Create | Villager (Male) ×3 |
| 20:59 | Build | Farm |
| 21:03 | Create | Villager (Male) ×2 |
| 21:11 | Build | House |
| 21:38 | Create | Villager (Male) ×5 |
| 21:55 | Create | Villager (Male) ×3 |
| 22:23 | Create | Villager (Male) ×5 |
| 22:33 | Research | Double-Bit Axe |
| 22:36 | Research | Gold Mining |
| 22:38 | Research | Stone Mining |
| 22:44 | Build | Farm |
| 22:45 | Build | Farm |
| 22:46 | Build | Farm |
| 22:47 | Build | Farm |
| 22:48 | Build | Farm |
| 22:49 | Build | Farm |
| 22:50 | Build | Farm |
| 23:02 | Create | Villager (Male) ×4 |
| 23:10 | Build | Farm |
| 23:24 | Create | Villager (Male) |
| 23:24 | Create | Villager (Male) |
| 23:25 | Create | Villager (Male) ×2 |
| 23:25 | Create | Villager (Male) ×2 |
| 24:17 | Create | Villager (Male) ×5 |
| 24:45 | Create | Villager (Male) ×5 |
| 25:04 | Create | Villager (Male) ×5 |
| 25:23 | Create | Villager (Male) ×5 |
| 26:09 | Research | Imperial Age |
| 26:18 | Build | Castle |
| 26:21 | Create | Villager (Male) |
| 26:22 | Create | Ballista Elephant |
| 26:27 | Create | Villager (Male) |
| 26:41 | Create | Villager (Male) |
| 26:42 | Create | Villager (Male) |
| 26:45 | Create | Ballista Elephant |
| 26:56 | Build | House |
| 27:04 | Research | Loom |
| 27:05 | Research | Wheelbarrow |
| 27:13 | Build | Farm |
| 27:14 | Build | Farm |
| 27:15 | Build | Farm |
| 27:15 | Build | Farm |
| 27:16 | Build | Farm |
| 27:17 | Build | Farm |
| 27:17 | Build | Farm |
| 27:18 | Build | Farm |
| 27:20 | Build | Farm |
| 27:20 | Build | Farm |
| 27:21 | Build | Farm |
| 27:22 | Build | Farm |
| 27:23 | Build | Farm |
| 27:23 | Build | Farm |
| 27:35 | Build | Mining Camp |
| 27:37 | Create | Ballista Elephant |
| 27:37 | Create | Ballista Elephant |
Match timeline
| 9:23 | Slowthinker · age_up feudal |
| 10:23 | Rabbal_G · age_up feudal |
| 10:24 | nalgene · age_up feudal |
| 10:27 | Sheepcollecter · age_up feudal |
| 10:31 | GorillaBear · age_up feudal |
| 11:31 | Starrk · age_up feudal |
| 11:57 | Sheepcollecter · first_market_buy 100 food |
| 12:02 | Sheepcollecter · first_market_sell 100 stone |
| 12:02 | GorillaBear · first_market_sell 100 stone |
| 12:05 | GorillaBear · first_market_buy 100 food |
| 13:44 | Slowthinker · first_market_buy 100 food |
| 13:45 | Slowthinker · first_market_sell 100 wood |
| 13:52 | GorillaBear · first_building Barracks |
| 14:11 | Rabbal_G · age_up castle |
| 14:15 | nalgene · age_up castle |
| 14:44 | Sheepcollecter · age_up castle |
| 15:05 | Rabbal_G · first_building Monastery |
| 15:07 | GorillaBear · age_up castle |
| 15:41 | Starrk · age_up castle |
| 16:20 | Starrk · first_building Monastery |
| 16:29 | GorillaBear · first_building Monastery |
| 16:29 | Slowthinker · age_up castle |
| 16:35 | GorillaBear · first_building Archery Range |
| 17:29 | Sheepcollecter · first_building Monastery |
| 18:38 | Sheepcollecter · first_building Barracks |
| 18:50 | Sheepcollecter · first_building Siege Workshop |
| 19:34 | Sheepcollecter · first_building Castle |
| 20:29 | Starrk · first_building Castle |
| 21:04 | Rabbal_G · first_building Barracks |
| 21:16 | Rabbal_G · first_market_buy 100 stone |
| 22:05 | Slowthinker · first_building Monastery |
| 22:24 | Rabbal_G · first_building Siege Workshop |
| 22:49 | Slowthinker · first_building Barracks |
| 24:46 | nalgene · first_building Monastery |
| 25:37 | Slowthinker · first_building Siege Workshop |
| 26:07 | Rabbal_G · first_building Castle |
| 27:22 | nalgene · first_building Castle |
| 27:25 | nalgene · first_building Barracks |
| 27:47 | Starrk · first_building Stable |
| 27:47 | Sheepcollecter · first_building Stable |
| 28:02 | Slowthinker · age_up imperial |
| 28:12 | GorillaBear · first_building Siege Workshop |
| 28:22 | nalgene · first_building Stable |
| 28:52 | Rabbal_G · age_up imperial |
| 29:00 | nalgene · wall_segment Stone Wall x2 |
| 29:12 | GorillaBear · age_up imperial |
| 29:29 | Rabbal_G · tribute_sent a jugador 1 |
| 29:29 | Rabbal_G · tribute_sent a jugador 3 |
| 29:29 | Rabbal_G · tribute_sent a jugador 4 |
| 29:29 | Rabbal_G · tribute_sent a jugador 5 |
| 29:29 | Rabbal_G · tribute_sent a jugador 6 |
| 29:32 | Starrk · age_up imperial |
| 29:52 | nalgene · age_up imperial |
| 29:56 | Sheepcollecter · age_up imperial |
| 30:37 | GorillaBear · first_building Castle |
| 31:43 | Rabbal_G · first_market_sell 100 stone |
| 31:56 | Slowthinker · first_building Castle |
| 33:32 | nalgene · first_building Siege Workshop |
| 35:54 | Sheepcollecter · wall_segment Palisade Wall x1 |
| 39:53 | Sheepcollecter · resign |
[ AI ANALYSIS · 1 CREDIT ]
What really happened in this match?
Wolo.gg analyzes every decision: build order, eco, micro, common mistakes by bracket. Personalized analysis on WhatsApp or Discord in 30 seconds.
Civ guide
Portuguese
Perfil
Jugador #20920045